Map: Temple of the Past

Players

MattBarry

  • Race: Terran Terran
  • League: Gold
  • Spawn Location: 0:00

MattBarry

  • Race: Zerg Zerg

VOD

Have the link to the VOD?

Description

Time

  • Played on: Jan. 15, 2023, 8:08 p.m.
  • Length: 10:41
Show
View Real Time Build Order
Export as new Build Order

MattBarry Terran 

Build Orders:  

Get SALT Encoding   

  12  0:04  SCV  
  13  0:17  SCV  
  14  0:28  Supply Depot  
  14  0:31  SCV  
  15  0:42  Refinery  
  15  0:57  SCV  
  16  1:04  Factory  
  16  1:11  SCV  
  17  1:24  SCV  
  17  1:27  Supply Depot  
  18  1:38  SCV  
  19  1:51  SCV  
  20  2:05  SCV, Factory Tech Reactor  
  21  2:14  Devastation Turret  
  21  2:20  SCV  
  21  2:29  Refinery  
  22  2:36  Siege Tank  
  25  2:44  SCV  
  26  2:58  SCV  
  27  3:11  Devastation Turret  
  27  3:22  SCV  
  28  3:35  SCV  
  29  3:44  Supply Depot  
  29  3:50  Siege Tank  
  29  3:52  Supply Depot  
  29  3:53  Supply Depot  
  31  4:23  SCV  
  31  4:25  Siege Tank  
  35  4:37  SCV  
  36  4:45  Supply Depot  
  36  4:58  Siege Tank  
  36  4:59  SCV, Siege Tank  
  36  5:09  Devastation Turret  
  34  5:20  Siege Tank  
  34  5:46  Devastation Turret  
  37  5:54  Hellbat  
  37  5:55  Hellbat  
  37  6:02  SCV, Devastation Turret  
  37  6:03  Devastation Turret  
  42  6:23  Hellbat x2  
  46  6:32  Maelstrom Rounds  
  46  6:44  Engineering Bay  
  46  6:48  Siege Tank  
  46  6:53  Siege Tank  
  32  7:14  Hellbat x2  
  30  7:44  SCV  
  29  7:57  SCV  
  28  8:18  Siege Tank x2  
  34  8:26  SCV  
  35  8:44  Factory  
  35  8:48  Factory  
  35  9:01  Siege Tank  
  35  9:02  Siege Tank  
  35  9:15  Devastation Turret, Siege Tank  
  35  9:18  Devastation Turret  
  38  9:21  Devastation Turret  
  38  9:23  Devastation Turret  
  17  10:36  Supply Depot  
  17  10:37  Supply Depot  
  17  10:39  Supply Depot  
Show
View Real Time Build Order
Export as new Build Order

MattBarry Zerg 

Build Orders:  

Get SALT Encoding   

  18  0:03  Primal Drone  
  19  0:21  Primal Drone x2  
  19  0:27  Primal Drone  
  22  0:35  Extractor  
  22  0:40  Primal Drone  
  23  1:03  Primal Warden  
  24  1:17  Primal Drone  
  25  1:23  Primal Drone  
  25  1:24  Primal Drone  
  25  1:27  Extractor  
  27  1:37  Primal Drone  
  28  1:53  Primal Drone  
  29  2:11  Glevig's Den  
  29  2:13  Primal Drone  
  29  2:27  Primal Warden  
  29  2:29  Primal Drone  
  31  2:42  Primal Attacks Level 1  
  31  2:47  Primal Drone  
  32  3:01  Primal Drone  
  33  3:13  Primal Drone  
  34  3:35  Primal Drone  
  35  3:43  Primal Roach x3  
  35  3:44  Primal Roach x2  
  35  3:48  Primal Drone  
  46  4:16  Primal Drone  
  47  4:27  Primal Drone  
  48  4:36  Murvar's Den  
  47  5:11  Primal Hive  
  52  5:21  Primal Roach x4  
  52  5:22  Primal Roach  
  62  5:59  Primal Drone  
  63  6:00  Primal Drone x3  
  63  6:01  Primal Attacks Level 2  
  66  6:24  Primal Wurm  
  67  6:32  Primal Drone  
  67  6:33  Primal Drone x2  
  70  6:47  Aerial Burst Sacs  
  52  7:30  Primal Swarm Host  
  52  7:31  Primal Swarm Host x3  
  60  7:59  Primal Drone  
  61  8:29  Primal Swarm Host  
  64  8:30  Primal Swarm Host x2  
  70  8:56  Primal Drone  
  70  9:13  Primal Swarm Host x3  
  79  9:41  Primal Drone x2  
  79  9:42  Primal Drone x4  
  79  9:43  Primal Drone x4  
  79  10:20  Primal Drone x4  
  79  10:25  Primal Swarm Host x2  
  79  10:26  Primal Swarm Host x3  
Tags
 
Commander
DehakaSwann
League
Gold
Matchup
Co-op
Replay Pack
Multiplayer
Add a new tag
Caveats
  • Supply blocks, unpowered buildings, or Contaminate may cause inaccurate times.
  • Supply counts are checked every 10 seconds.